 Dungeon Crawl Stone Soup version 0.23.1 (webtiles) character file.

Game seed: 0

2839 Fang the Skirmisher (level 9, -3/88 HPs)
             Began as a Gargoyle Berserker on Mar 12, 2019.
             Was a High Priest of Trog.
             Shot with an arrow by a centaur (9 damage)
             ... on level 8 of the Dungeon.
             The game lasted 00:07:06 (6214 turns).

Fang the Skirmisher (Gargoyle Berserker)            Turns: 6214, Time: 00:07:07

Health: -3/88      AC: 14    Str: 32    XL:     9   Next: 74%
Magic:  9/9        EV: 13    Int:  7    God:    Trog [*****.]
Gold:   467        SH:  4    Dex:  9    Spells: 8/8 levels left

rFire    + + .     SeeInvis .   u - +2 hand axe (flame)
rCold    + . .     Gourm    .   (no shield)
rNeg     + . .     Faith    .   g - +0 scale mail
rPois    ∞         Spirit   .   (no helmet)
rElec    +         Reflect  +   i - scarf {rC+ rF+}
rCorr    .         Harm     .   (no gloves)
MR       .....                  (no boots)
Stlth    ..........             b - +4 amulet of reflection
HPRegen  0.24/turn              k - +2 ring of strength
MPRegen  0.11/turn              C - ring of protection from fire

@: berserking, quick
A: negative energy resistance 1, electricity resistance, unbreathing,
petrification resistance, rot immunity, AC +6
a: Berserk, Trog's Hand, Brothers in Arms, Renounce Religion


You were on level 8 of the Dungeon.
You worshipped Trog.
Trog was extremely pleased with you.
You were not hungry.

You visited 1 branch of the dungeon, and saw 8 of its levels.

You collected 467 gold pieces.

Inventory:

Hand Weapons
 a - a +0 hand axe
 u - a +2 hand axe of flaming (weapon)
Armour
 g - a +0 scale mail (worn)
 i - a scarf of resistance (worn)
Jewellery
 b - a +4 amulet of reflection (around neck)
 k - a +2 ring of strength (left hand)
 A - an uncursed ring of ice
 C - a ring of protection from fire (right hand)
Wands
 h - a wand of disintegration (21)
 v - a wand of random effects (18)
Scrolls
 f - 3 scrolls of blinking {unknown}
 j - 5 scrolls of teleportation {unknown}
 l - 3 scrolls of immolation {unknown}
 o - 4 scrolls of identify {unknown}
 p - 2 scrolls of amnesia {unknown}
 q - 2 scrolls of fear {unknown}
 w - 3 scrolls of remove curse {unknown}
 y - a scroll of magic mapping {unknown}
 B - 2 scrolls of enchant armour {unknown}
 D - 2 scrolls of enchant weapon {unknown}
 F - a scroll of random uselessness {unknown}
 G - a scroll of noise {unknown}
Potions
 d - a potion of agility {unknown}
 e - 2 potions of curing {unknown}
 m - 2 potions of berserk rage
 n - a potion of heal wounds {unknown}
 r - 3 potions of brilliance {unknown}
 s - a potion of resistance {unknown}
 t - a potion of degeneration {unknown}
 x - a potion of cancellation {unknown}
 z - 2 potions of flight {unknown}
Comestibles
 c - 18 rations
 E - 3 chunks of flesh


   Skills:
 + Level 7.9 Fighting
 + Level 6.5 Axes
 + Level 7.5 Armour
 + Level 5.6 Dodging


You had 8 spell levels left.
You didn't know any spells.
Your spell library was empty.

Dungeon Overview and Level Annotations

Branches:
Dungeon (8/15)             Temple (0/1) D:4
   Lair: D:8-11

Altars:
Dithmenos
Makhleb


Innate Abilities, Weirdness & Mutations

You are resistant to torment.
Your stone body is resilient. (AC +6)
You are immune to poison.
You resist negative energy. (rN+)
You are resistant to electric shocks. (rElec)
You can survive without breathing.
You are immune to petrification.
You are immune to rotting.


Message History

The hound closely misses you.
You see here 3 arrows.
It was a potion of berserk rage.
A red film seems to cover your vision as you go berserk!
You feel yourself moving faster!
You feel mighty!
The centaur shoots an arrow.
The arrow hits you but does no damage.
You hear a splash.
The centaur shoots an arrow.
The arrow closely misses you. The centaur barely misses you.
The hound closely misses you.
You are too berserk!
Why would you want to do that?
You slash the centaur! You burn the centaur.
The centaur is almost dead.
You slash the hound! You burn the hound.
The centaur shoots an arrow.
The arrow hits you.
* * * LOW HITPOINT WARNING * * *
You hear a splash.
The centaur misses you.
The hound splashes around in the water.
The centaur shoots an arrow.
The arrow hits you!
You die...

##....# #.......
##.....###.......
#.......##.......
##...((##.(......
#####.(.........
#.(((..###
#≈≈≈(≈≈#
##≈≈≈≈h≈##
#≈≈≈c@≈≈≈#
#≈≈≈≈≈≈≈≈≈#
#≈≈#)≈≈c≈≈≈#
#≈##.(c..#≈≈# ##
#.....##≈#
####### ##


You could see 3 centaurs and a hound.

Vanquished Creatures
  The ghost of Zeerc1 the Chopper, a novice MiFi of Nemelex Xobeh (D:5)
  A spriggan (D:7)
  An orc warrior (D:7)
  A black bear (D:7)
  A phantom (D:8)
  An eye of draining (D:8)
  An ogre (D:6)
  3 sky beasts
  2 centaurs
  A big kobold (D:8)
  2 bullfrogs
  2 scorpions
  3 howler monkeys (D:7)
  3 crimson imps
  A centaur zombie (D:7)
  A jelly (D:7)
  3 orc priests
  5 hounds
  5 orc wizards
  Crazy Yiuf (D:6)
  A bullfrog skeleton (D:7)
  An iguana (D:7)
  3 worker ants
  3 gnolls (D:7)
  A howler monkey skeleton (D:7)
  12 adders
  3 shadow imps
  An ooze (D:1)
  2 worms (D:3)
  2 dart slugs
  4 leopard geckos
  17 orcs
  12 bats
  9 giant cockroaches
  11 goblins
  2 hobgoblins
  14 jackals
  3 quokkas
  A ball python (D:1)
  10 frilled lizards
  11 kobolds
  A leopard gecko zombie (D:7)
  17 rats
180 creatures vanquished.

Vanquished Creatures (others)
  A centaur (D:8)
1 creature vanquished.

Grand Total: 181 creatures vanquished

Notes
Turn   | Place    | Note
-------+----------+-------------------------------------------
     0 | D:1      | Fang the Gargoyle Berserker began the quest for the Orb.
     0 | D:1      | Reached XP level 1. HP: 14/14 MP: 1/1
    97 | D:1      | Reached XP level 2. HP: 13/19 MP: 2/2
   421 | D:1      | Reached XP level 3. HP: 23/23 MP: 3/3
   492 | D:1      | Reached ** piety under Trog
   792 | D:2      | Reached XP level 4. HP: 23/29 MP: 4/4
  1360 | D:2      | Reached *** piety under Trog
  1686 | D:3      | Reached XP level 5. HP: 29/33 MP: 5/5
  2326 | D:4      | Found a staircase to the Ecumenical Temple.
  2378 | D:4      | Reached XP level 6. HP: 17/39 MP: 6/6
  2381 | D:4      | HP: 2/58 [orc wizard/magic dart (1)]
  2678 | D:4      | Reached **** piety under Trog
  3119 | D:4      | Found a shadowy altar of Dithmenos.
  3167 | D:5      | Entered Level 5 of the Dungeon
  3395 | D:5      | Reached skill level 5 in Fighting
  3566 | D:5      | Reached XP level 7. HP: 37/44 MP: 7/7
  3643 | D:5      | Found a runed translucent door.
  3644 | D:5      | Noticed Zeerc1's ghost (novice MiFi)
  4141 | D:5      | Killed Zeerc1's ghost
  4141 | D:5      | Reached skill level 5 in Armour
  4141 | D:5      | Reached XP level 8. HP: 51/51 MP: 8/8
  4236 | D:6      | Reached skill level 5 in Axes
  4253 | D:6      | Found a runed translucent door.
  4254 | D:6      | Noticed Crazy Yiuf
  4908 | D:6      | Killed Crazy Yiuf
  5100 | D:7      | Reached XP level 9. HP: 28/57 MP: 9/9
  5287 | D:7      | Reached skill level 5 in Dodging
  5530 | D:7      | Reached ***** piety under Trog
  6205 | D:8      | Found a burning altar of Makhleb.
  6214 | D:8      | Shot with an arrow by a centaur

Skill      XL: |  1  2  3  4  5  6  7  8  9 |
---------------+----------------------------+-----
Axes           | 3 4 5 6 |  6.5
Dodging        | 2 3 4 5 |  5.6
Armour         | 3 4 5 6 7 |  7.5
Fighting       | 4 5 7 |  7.9

Action                   |  1- 3 |  4- 6 |  7- 9 || total
-------------------------+-------+-------+-------++-------
Melee: Hand axe          |   117 |   284 |   249 ||   650
Invok: Berserk           |       |     1 |     3 ||     4
  Use: Potion            |       |       |     1 ||     1
  Eat: Chunk             |       |    10 |    12 ||    22
Armor: Animal skin       |    19 |       |       ||    19
       Scale mail        |    50 |   136 |   124 ||   310
Dodge: Dodged            |   106 |   167 |   128 ||   401
Block: Other             |    16 |    72 |    44 ||   132
       Reflection        |       |     1 |     7 ||     8
